 Dungeon Crawl Stone Soup version 0.31.0-11-ge490571c62 (webtiles) character file.

Game seed: 12865665410807234747

367 browni3141 the Chopper (level 6, -4/56 HPs)
             Began as a Minotaur Fighter on Jan 27, 2024.
             Was an Initiate of Okawaru.
             Succumbed to a scorpion's poison
             ... on level 5 of the Dungeon.
             The game lasted 00:01:12 (1222 turns).

browni3141 the Chopper (Minotaur Fighter)           Turns: 1222, Time: 00:01:12

Health: -4/56      AC:  7    Str: 23    XL:     6   Next: 41%
Magic:  5/5        EV:  9    Int:  5    God:    Okawaru [......]
Gold:   91         SH:  4    Dex:  9    Spells: 5/5 levels left

rFire   . . .        a - +0 war axe
rCold   . . .        c - +0 buckler
rNeg    . . .        b - +0 scale mail
rPois   .            (helmet restricted)
rElec   .            (no cloak)
rCorr   .            (no gloves)
SInv    .            (no boots)
Will    .....        (no amulet) Stlth
                     (no ring)
HPRegen 0.29/turn    (no ring)
MPRegen 0.09/turn

%: no passive effects
@: lethally poisoned (-4 -> -21)
A: horns 2, retaliatory headbutt
a: Renounce Religion


You were on level 5 of the Dungeon.
You worshipped Okawaru.
Okawaru was noncommittal.
You visited 2 branches of the dungeon, and saw 6 of its levels.

You collected 91 gold pieces.

Inventory:

Hand Weapons
 a - a +0 war axe (weapon)
Armour
 b - a +0 scale mail (worn)
 c - a +0 buckler (worn)
Jewellery
 r - the ring "Isarawat" {Fly Str-2 Dex+3 SInv}
   (You found it on level 4 of the Dungeon)

   [ring of see invisible]

   Str-2:     It affects your strength (-2).
   Dex+3:     It affects your dexterity (+3).
   SInv:      It lets you see invisible.
   Fly:       It grants you flight.
Wands
 e - a wand of digging (7)
Scrolls
 d - a scroll of enchant armour {unknown}
 f - 2 scrolls of blinking {unknown}
 h - a scroll of teleportation {unknown}
 j - a scroll of identify {unknown}
 k - a scroll of amnesia {unknown}
 l - a scroll of vulnerability {unknown}
 q - a scroll of immolation {unknown}
Potions
 g - a potion of enlightenment {unknown}
 i - a potion of curing {unknown}
 m - a potion of brilliance {unknown}
 n - a potion of attraction {unknown}
 o - a potion of haste {unknown}
 p - a potion of invisibility {unknown}


   Skills:
 + Level 5.0 Fighting
 * Level 5.5 Axes
 + Level 5.0 Armour
 + Level 5.1 Shields


You had 5 spell levels left.
You didn't know any spells.
Your spell library contained the following spells:

 Spells                   Type           Power      Damage    Failure   Level
 Static Discharge         Conj/Air       0%         3-3/arc   93%         2
 Airstrike                Air            0%         2d(0-16)  100%        4
 Summon Lightning Spire   Summ/Air       Unusable   N/A       N/A         4

Dungeon Overview and Level Annotations

Branches:
Dungeon (5/15)             Temple (1/1) D:4

Altars:
Ashenzari
Cheibriados
Dithmenos
Gozag
Okawaru
Qazlal
Sif Muna
Trog
Uskayaw
Vehumet
Xom
Zin

Shops:
D:4 :

Annotations:
D:4 2 transporters
D:5 5 runed translucent doors, yetimobile's ghost, amateur DjCK


Innate Abilities, Weirdness & Mutations

You have a pair of horns on your head.
You reflexively headbutt those who attack you in melee.


Message History

You are confused.
You hear some strange, mumbled words.
You are more confused.
You bump into the rock wall.
Something hits you.
You are too confused!
You bump into the rock wall.
Something completely misses you.
You are too confused!
You bump into the rock wall.
Something hits you but does no damage.
You are too confused!
You're too confused to move!
Something hits you.
You bump into the rock wall.
Something hits you but does no damage.
You slash something! Your headbutt misses something.
You hear some strange, mumbled words.
A magic dart appears from out of thin air!
The magic dart hits you. Something hits you.
Items here: ))) [[ †.
You miss something. Something hits you. Something hits you.
You bump into the rock wall.
Something hits you but does no damage.
You feel less confused. Something hits you but does no damage.
Items here: ))) [[ †.
Something hits you but does no damage.
A magic dart appears from out of thin air!
The magic dart hits you.
An orc wizard appears from thin air!
Reactivating autopickup.
The orc wizard points at you and mumbles some strange words.
The magic dart hits you!
You barely miss the orc wizard.
The orc wizard is severely wounded.
You block the orc wizard's attack.
You slash the orc wizard!
You kill the orc wizard!
Okawaru accepts your kill.
Your Armour skill increases to level 5!
No target in view!
Items here: )) [ †.
No target in view!
HP restored.
Found an escape hatch in the floor.
You pick up a book of Storms and begin reading...
You add the spells Static Discharge and Airstrike to your library.
You open the door.
A scorpion comes into view.
Yetimobile's ghost turns its malevolent gaze towards you.
A scorpion is nearby!
A scorpion is nearby!
A scorpion is nearby!
A scorpion is nearby!
A killer bee zombie comes into view.
The scorpion stings you.
You are poisoned.
The scorpion poisons you! The scorpion stings you.
You are more poisoned.
The scorpion poisons you!
There is an open door here.
You closely miss the scorpion.
You feel very sick. The scorpion stings you.
You closely miss the scorpion. Your headbutt misses the scorpion.
You feel very sick. The scorpion stings you. x2
You are more poisoned.
The scorpion poisons you!
You hit the scorpion. You headbutt the scorpion!
The scorpion is heavily wounded.
You feel extremely sick. You block the scorpion's attack.
You barely miss the scorpion.
The scorpion is heavily wounded.
You feel very sick. The scorpion stings you.
You barely miss the scorpion. You headbutt the scorpion.
The scorpion is severely wounded.
You feel very sick. The scorpion stings you.
The scorpion stings you but does no damage.
Yetimobile's ghost says, "Are you willing to die fighting?
I was!"
You hit the scorpion but do no damage.
The scorpion is severely wounded.
You feel very sick. The scorpion stings you.
You closely miss the scorpion.
The scorpion is severely wounded.
You feel sick.
The scorpion stings you but does no damage. x2
You hit the scorpion but do no damage. Your headbutt misses the scorpion.
The scorpion is severely wounded.
You feel sick. The scorpion barely misses you. You furiously retaliate!
You headbutt the scorpion. You closely miss the scorpion.
Your headbutt misses the scorpion.
The scorpion is severely wounded.
You feel sick. The scorpion stings you.
You are more poisoned.
The scorpion poisons you! You block the scorpion's attack.
You barely miss the scorpion.
The scorpion is severely wounded.
You die...

####.#.# #$.+...
#$.+.. #W.+.
#### ####### #Z.
......## #s#
....#..### ###@#
....##...# #.#.#
++######.# #...#
..~.. #.# #.###
.#..# #.##
#.##### ~..≈#
#..## #.....#
≈~#.
##..###.....#
.#≈
######..##.....#
#
#.............#


You could see a scorpion, yetimobile's ghost and a killer bee zombie.

Vanquished Creatures
  A black bear (D:4)
  2 hounds (D:4)
  A sleepcap (D:4)
  2 orc wizards (D:5)
  4 gnolls (D:4)
  4 adders
  A ribbon worm (D:4)
  A dart slug (D:2)
  7 orcs
  3 ball pythons (D:4)
  6 endoplasms
  3 goblins
  5 hobgoblins
  6 jackals
  3 kobolds
  3 quokkas
  A bat (D:3)
  3 rats
56 creatures vanquished.

Notes
Turn   | Place    | Note
-------+----------+-------------------------------------------
     0 | D:1      | browni3141 the Minotaur Fighter began the quest for the
                  | Orb.
     0 | D:1      | Reached XP level 1. HP: 19/19 MP: 0/0
   111 | D:2      | Reached XP level 2. HP: 25/27 MP: 1/1
   173 | D:3      | Reached XP level 3. HP: 27/33 MP: 2/2
   226 | D:4      | Reached XP level 4. HP: 36/40 MP: 3/3
   260 | D:4      | Found a transporter.
   303 | D:4      | Found a transporter.
   305 | D:4      | Found Naen's Self-Improvement Boutique.
   351 | D:4      | Reached XP level 5. HP: 10/47 MP: 4/4
   382 | D:4      | Noticed a black bear
   388 | D:4      | Killed a black bear
   389 | D:4      | Reached skill level 5 in Axes
   567 | D:4      | Reached XP level 6. HP: 54/55 MP: 5/5
   658 | D:4      | Found a shimmering blue altar of Sif Muna.
   662 | D:4      | Reached skill level 5 in Shields
   724 | D:4      | Found a staircase to the Ecumenical Temple.
   761 | Temple   | Entered the Ecumenical Temple
   787 | Temple   | Became a worshipper of Warmaster Okawaru
   955 | D:4      | Identified the ring "Isarawat" {Fly Str-2 Dex+3 SInv}
  1006 | D:5      | Entered Level 5 of the Dungeon
  1024 | D:5      | Reached skill level 5 in Fighting
  1042 | D:5      | Reached skill level 5 in Armour
  1187 | D:5      | Found a large runed translucent door.
  1187 | D:5      | Found a large runed translucent door.
  1211 | D:5      | Found a runed translucent gate.
  1211 | D:5      | Found a runed translucent gate.
  1211 | D:5      | Found a runed translucent gate.
  1211 | D:5      | Noticed yetimobile's ghost (amateur DjCK)
  1221 | D:5      | HP: 2/56 [scorpion (4)]
  1222 | D:5      | Succumbed to a scorpion's poison

Illustrated notes

Levels and vault maps discovered:
D:1:      eino_arrival_tree_alley, layout_loops_ring
D:2:      layout_loops_ring, serial_forest, infiniplex_forest_clump_small,
          infiniplex_forest_lined_corner, infiniplex_forest_clump_long,
          infiniplex_forest_end_2, infiniplex_forest_straight_2,
          hellmonk_ecumenical_altar_leap_of_faith, corexii_leaking_fountain
D:3:      layout_rooms, fedhas_altar_fruit_tree, gammafunk_ghost_abyssal_escape
D:4:      gammafunk_steamed_eel, layout_cave_pools, lemuel_crystal_altar,
          temple_pool_b, nicolae_shop_self_help
D:5:      layout_rooms, nicolae_tso_besieged_by_evil,
          nicolae_yredelemnul_ghost_church, serial_corexii_hall,
          chequers_hall_statues_corner_a, corexii_hall_statues_x,
          corexii_hall_statues_deadend, chequers_hall_statues_y,
          ebering_ghost_disaster_area, uniq_prince_ribbit1, uniq_pikel,
          uniq_ijyb, uniq_duvessa
Temple:   bh_familiar_temple

Skill      XL: |  1  2  3  4  5  6 |
---------------+-------------------+-----
Axes           | 3 4 5 |  5.5
Shields        | 4 5 |  5.1
Fighting       | 4 5 |  5.0
Armour         | 4 5 |  5.0

Action                     |  1- 3 |  4- 6 || total
---------------------------+-------+-------++-------
  Melee: War axe           |    43 |    72 ||   115
         Headbutt          |     4 |    10 ||    14
    Use: Potion            |       |     1 ||     1
 Armour: Scale mail        |    30 |    81 ||   111
  Dodge: Dodged            |    28 |    36 ||    64
  Block: Buckler           |    11 |    24 ||    35
